[Event "Titled Tuesday Blitz June 07 Late 2022"]
[White "Bluebaum, Matthias"]
[Black "Abarca Gonzalez, Nicolas"]
[WhiteFideId "24651516"]
[BlackFideId "3409422"]
[WhiteElo "2556"]
[BlackElo "2504"]
[Result "0-1"]
[Round "09"]
[TimeControl "180+1"]
[Date "2022.06.07"]
[WhiteClock "0:00:04"]
[BlackClock "0:00:08"]

1. d4 Nf6 2. c4 e5 3. dxe5 Ng4 4. Bf4 g5 5. Bd2 Bg7 6. Nf3 Nc6 7. Bxg5 f6 8. exf6 Bxf6 9. Bxf6 Qxf6 10. Nc3 O-O 11. Qd2 d6 12. e3 Be6 13. Be2 Rae8 14. Nd5 Qg7 15. h3 Nf6 16. Nxf6+ Rxf6 17. O-O-O a5 18. a3 Rf5 19. Qc2 Rc5 20. Nd4 Bf7 21. Nf5 Qf6 22. g4 b5 23. Kb1 bxc4 24. Qc3 Ne5 25. f4 Nd7 26. Rd4 Rb8 27. Ka1 Rb3 28. Rb1 Rxc3 29. bxc3 Bg6 30. Bxc4+ Kf8 31. e4 Bxf5 32. gxf5 Nb6 33. Be6 Rxc3 34. e5 dxe5 35. fxe5 Qxe6 36. fxe6 Ke7 37. Rh4 Rxa3+ 38. Kb2 Re3 39. Rxh7+ Kxe6 40. Rc1 Nd5 41. Rc6+ Kxe5 42. Rc5 Kd4 43. Rxa5 Re2+ 44. Kb3 Re3+ 45. Kc2 Re2+ 46. Kd1 Nc3+ 47. Kc1 Na2+ 48. Kb1 Nc3+ 49. Ka1 c5 50. Rb7 Re1+ 51. Kb2 Rb1+ 52. Kc2 Rxb7 53. h4 Nd5 54. h5 Rh7 55. Ra4+ c4 56. Ra8 Rxh5 57. Rg8 Rh2+ 58. Kd1 Kd3 59. Rg3+ Ne3+ 60. Kc1 Rc2+ 61. Kb1 Re2 62. Ka1 c3 63. Rg1 c2 64. Kb2 Nd1+ 65. Kc1 Ne3 66. Rh1 Rd2 67. Kb2 Rd1 68. Rh2 c1=Q+ 69. Ka2 Qc4+ 70. Ka3 Ra1+ 71. Ra2 Rxa2# 0-1


[Site "https://www.chess.com"]

[Event "Titled Tuesday Blitz June 07 Late 2022"]
[White "Bok, Benjamin"]
[Black "Slugin, Sergey"]
[WhiteFideId "1017063"]
[BlackFideId "4122569"]
[WhiteElo "2658"]
[BlackElo "2358"]
[Result "1/2-1/2"]
[Round "09"]
[TimeControl "180+1"]
[Date "2022.06.07"]
[WhiteClock "0:00:12"]
[BlackClock "0:00:13"]

1. d4 Nf6 2. c4 g6 3. g3 c6 4. Nf3 Bg7 5. Bg2 O-O 6. O-O d5 7. b3 dxc4 8. bxc4 c5 9. Bb2 cxd4 10. Nxd4 Qb6 11. Qb3 Nfd7 12. e3 e5 13. Nb5 Nc5 14. Qa3 Be6 15. Nd2 Rd8 16. Bc3 Rd7 17. Rfb1 Bf5 18. Rb2 Nd3 19. Rb3 Nc5 20. Ba5 Qa6 21. Nc7 Rxc7 22. Bxc7 Nxb3 23. Qxb3 Nc6 24. Ne4 Bxe4 25. Bxe4 Rc8 26. Bd6 Na5 27. Qb5 Nxc4 28. Qxa6 bxa6 29. Bb4 a5 30. Be1 Nd6 31. Bd5 Rc5 32. e4 Bh6 33. Rb1 Kg7 34. Kg2 a4 35. Rb8 Rb5 36. Rd8 Rb6 37. Ba5 Rb5 38. Bc7 Nc4 39. Bxc4 Rc5 40. Rd7 Rxc4 41. Bxe5+ Kf8 42. Kf3 Bg5 43. Rxa7 h5 44. h4 Bc1 45. Bf6 Ke8 46. e5 a3 47. Re7+ Kf8 48. Rd7 Rc8 49. Rd8+ Rxd8 50. Bxd8 Ke8 51. Ba5 Kd7 52. Ke4 Kc6 53. Bb4 Kb5 54. Bd6 Kc4 55. f4 Kc3 56. f5 gxf5+ 57. Kxf5 Kb2 58. e6 fxe6+ 59. Kxe6 Kxa2 60. Kf5 Kb3 61. Bxa3 Bxa3 62. Kg5 Bd6 63. Kxh5 Bxg3 64. Kg5 Bxh4+ 1/2-1/2


[Site "https://www.chess.com"]

[Event "Titled Tuesday Blitz June 07 Late 2022"]
[White "Bringas Gomez, Artai"]
[Black "Korchmar, Vasiliy"]
[WhiteFideId "24534064"]
[BlackFideId "24131750"]
[WhiteElo "1988"]
[BlackElo "2370"]
[Result "0-1"]
[Round "09"]
[TimeControl "180+1"]
[Date "2022.06.07"]
[WhiteClock "0:00:07"]
[BlackClock "0:00:18"]

1. d4 Nf6 2. c4 c6 3. Nf3 d5 4. g3 g6 5. Bg2 Bg7 6. O-O O-O 7. Nc3 dxc4 8. e4 Nbd7 9. Qe2 Nb6 10. Rd1 Be6 11. Bf4 Qc8 12. Rac1 Bh3 13. Bh1 Bg4 14. Rd2 Re8 15. Qf1 Nfd7 16. Be3 e5 17. Nxe5 Nxe5 18. dxe5 Bxe5 19. Bxb6 axb6 20. Qxc4 b5 21. Qc5 Bg7 22. f4 h5 23. e5 Rd8 24. Rd6 Bf8 25. Ne4 Bxd6 26. exd6 Qe6 27. Qd4 Bf5 28. Nf6+ Kf8 29. Nh7+ Kg8 30. Nf6+ Kh8 31. Ne8+ f6 32. Nc7 Rxd6 33. Nxe6 Rxd4 34. Nxd4 Rxa2 35. Nxf5 gxf5 36. Rc2 Ra1+ 37. Kg2 Rb1 38. h3 Kg7 39. Kh2 b4 40. Bf3 b3 41. Re2 Rc1 42. Bxh5 c5 43. Kg2 c4 44. Kf2 b5 45. Ke3 b4 46. Kd2 Rb1 47. Ke3 c3 48. Kd3 Rxb2 49. Re7+ Kh6 50. Bf7 Rd2+ 51. Ke3 b2 52. Ba2 Rd1 53. Rd7 Rxd7 54. Bb1 Re7+ 55. Kd3 b3 56. Kxc3 Re3+ 57. Kxb2 Rxg3 58. Bxf5 Rf3 59. Bc8 Rxf4 60. Kxb3 Kg5 61. Kc3 Re4 62. Kd3 Re5 63. Bb7 Kh4 64. Bf3 Re7 65. Bg4 Kg3 66. Bc8 Kf4 67. Bg4 Re5 68. Be2 Re3+ 69. Kd2 f5 70. Bf1 Re5 71. Bg2 Re7 72. Bf1 Kg3 73. Kd1 f4 74. Bd3 Kxh3 75. Be2 Kg3 76. Bh5 f3 77. Bg6 f2 78. Bd3 Kh2 79. Kd2 Kg1 80. Ba6 Ra7 81. Bf1 Kxf1 82. Ke3 Kg2 83. Kf4 f1=Q+ 84. Kg4 Qc4+ 85. Kh5 Ra5+ 86. Kh6 Qc6+ 87. Kh7 Ra7+ 88. Kh8 Qa8# 0-1


[Site "https://www.chess.com"]

[Event "Titled Tuesday Blitz June 07 Late 2022"]
[White "Bryakin, Mikhail"]
[Black "Florescu, Codrut-Constantin"]
[WhiteFideId "4165314"]
[BlackFideId "1202200"]
[WhiteElo "2417"]
[BlackElo "2191"]
[Result "1-0"]
[Round "09"]
[TimeControl "180+1"]
[Date "2022.06.07"]
[WhiteClock "0:01:51"]
[BlackClock "0:00:41"]

1. e4 c5 2. a3 e5 3. Bc4 d6 4. Nc3 Nf6 5. d3 Be7 6. f4 exf4 7. Bxf4 O-O 8. Nf3 Nc6 9. O-O Be6 10. Qd2 Ng4 11. Rae1 Bf6 12. Nd5 Bxd5 13. Bxd5 Nge5 14. c3 Rc8 15. Kh1 b6 16. Rg1 Ne7 17. Ba2 N7g6 18. Bg3 b5 19. Nxe5 Bxe5 20. Bxe5 dxe5 21. Bd5 Nf4 22. c4 Nxd5 23. exd5 Qd6 24. Rgf1 f5 25. b3 bxc4 26. bxc4 Rce8 27. Rf2 e4 28. Rfe2 Re5 29. dxe4 f4 30. Rf1 g5 31. Qd3 Rf6 32. Ref2 Qe7 33. Kg1 Rxe4 34. Rb2 Re1 35. Rd2 Re3 36. d6 Qd7 37. Qd5+ Kg7 38. Qxg5+ Rg6 39. Qxf4 Ree6 40. Qf8# 1-0


[Site "https://www.chess.com"]

[Event "Titled Tuesday Blitz June 07 Late 2022"]
[White "Chigaev, Maksim"]
[Black "Araujo Sanchez, Josue"]
[WhiteFideId "4108116"]
[BlackFideId "6416896"]
[WhiteElo "2457"]
[BlackElo "2339"]
[Result "0-1"]
[Round "09"]
[TimeControl "180+1"]
[Date "2022.06.07"]
[WhiteClock "0:00:06"]
[BlackClock "0:00:36"]

1. d4 Nf6 2. c4 e6 3. Nf3 d5 4. g3 dxc4 5. Bg2 Nc6 6. O-O a6 7. a4 Rb8 8. a5 b5 9. axb6 cxb6 10. Bf4 Bd6 11. Ne5 Ne7 12. Bc6+ Kf8 13. Bg2 b5 14. b3 cxb3 15. Qxb3 Nfd5 16. Bd2 Bb7 17. e4 Nb6 18. Rc1 Bxe5 19. dxe5 Nc6 20. Bc3 Kg8 21. Nd2 h6 22. h4 Kh7 23. Nf3 Qe7 24. g4 Rhd8 25. g5 Rd3 26. Qc2 Rbd8 27. Qe2 Nc4 28. Be1 N6xe5 29. Nxe5 Nxe5 30. f4 Nc4 31. Bf2 Rd2 32. Qe1 Rb2 33. Rab1 Rxb1 34. Rxb1 e5 35. f5 hxg5 36. hxg5 Rd2 37. Be3 Rxg2+ 38. Kxg2 Bxe4+ 39. Kf2 Bxb1 40. Qh1+ Kg8 0-1


[Site "https://www.chess.com"]

[Event "Titled Tuesday Blitz June 07 Late 2022"]
[White "Domingo Nunez, Ruben"]
[Black "Manelyuk, Daniil"]
[WhiteFideId "22245570"]
[BlackFideId "44173920"]
[WhiteElo "2376"]
[BlackElo "2209"]
[Result "1-0"]
[Round "09"]
[TimeControl "180+1"]
[Date "2022.06.07"]
[WhiteClock "0:00:58"]
[BlackClock "0:00:03"]

1. c4 c5 2. Nc3 Nc6 3. g3 g6 4. Bg2 Bg7 5. d3 e5 6. h4 h5 7. Nd5 d6 8. Rb1 a5 9. a3 Be6 10. Nh3 Nge7 11. Ng5 O-O 12. Bd2 a4 13. Nc3 Qa5 14. O-O Rfd8 15. Nd5 Qa7 16. Nc7 Nd4 17. Nxa8 Qxa8 18. e3 Nb3 19. Nxe6 fxe6 20. Bc3 Qa6 21. g4 d5 22. cxd5 exd5 23. gxh5 d4 24. exd4 exd4 25. Bd2 Qxd3 26. Bg5 Qxd1 27. Rbxd1 Rd7 28. Bh3 Rc7 29. hxg6 Nxg6 30. Be6+ Kh7 31. Bf5 Rf7 32. Bd3 Bh6 33. h5 Kg7 34. hxg6 Rf3 35. Bxh6+ Kxh6 36. Kg2 Rf4 37. Rh1+ Kg5 38. g7 Rg4+ 39. Kf1 Kf6 40. Rg1 Rxg7 41. Rxg7 Kxg7 42. Bc2 Na5 43. Bxa4 Nc4 44. Bb3 Nxb2 45. Rd2 c4 46. Rxb2 c3 47. Rc2 Kf6 48. Ke2 Ke5 49. Kd3 b5 50. Re2+ Kd6 51. Kxd4 1-0


[Site "https://www.chess.com"]

[Event "Titled Tuesday Blitz June 07 Late 2022"]
[White "Dounis, Alexandros"]
[Black "Rosen, Eric"]
[WhiteFideId "4213238"]
[BlackFideId "2032562"]
[WhiteElo "2204"]
[BlackElo "2362"]
[Result "1-0"]
[Round "09"]
[TimeControl "180+1"]
[Date "2022.06.07"]
[WhiteClock "0:00:13"]
[BlackClock "0:00:01"]

1. Nf3 Nf6 2. g3 d5 3. Bg2 e6 4. O-O Be7 5. d4 b5 6. a4 b4 7. c3 bxc3 8. Nxc3 O-O 9. Ne5 Nfd7 10. Nd3 c5 11. dxc5 Nxc5 12. Nxc5 Bxc5 13. e4 Ba6 14. exd5 Bxf1 15. Qxf1 Na6 16. dxe6 fxe6 17. Qxa6 Rxf2 18. Qxe6+ Kh8 19. Be3 Rf6 20. Qe4 Bxe3+ 21. Qxe3 Rb8 22. Rd1 Qb6 23. Qxb6 Rfxb6 24. Nb5 a6 25. Nc7 Rc8 26. Bh3 Rf8 27. Rd2 g6 28. Bf1 Rc8 29. Nxa6 Rc1 30. Kg2 Rb1 31. b4 Rf6 32. Bb5 g5 33. h3 h5 34. Nc5 g4 35. hxg4 hxg4 36. Nd3 Rd6 37. Re2 Rxb4 38. Nxb4 Rd1 39. Nd3 Ra1 40. Nf2 Kg7 41. Nxg4 Kg6 42. Nf2 Kh5 43. Bc6 Kg5 44. Rb2 Kf6 45. Be8 Ke7 46. Bb5 Kd6 47. Nd3 Kd5 48. Nb4+ Kc5 49. Nc6 Kb6 50. a5+ Kb7 51. a6+ Ka8 52. Nd4 Rd1 53. Bc6+ Ka7 54. Nf3 Kxa6 55. Be4 Rd8 56. Kf2 Ka5 57. Ke3 Ka4 58. g4 Ka3 59. Rb7 Rc8 60. g5 Rc3+ 61. Kf4 Rc8 62. g6 Rf8+ 63. Bf5 Rc8 64. g7 Ka2 65. Be6+ Ka1 66. Ra7+ Kb2 67. g8=Q Rc2 68. Ra2+ 1-0


[Site "https://www.chess.com"]

[Event "Titled Tuesday Blitz June 07 Late 2022"]
[White "Dubov, Daniil"]
[Black "Andreikin, Dmitry"]
[WhiteFideId "24126055"]
[BlackFideId "4158814"]
[WhiteElo "2791"]
[BlackElo "2736"]
[Result "0-1"]
[Round "09"]
[TimeControl "180+1"]
[Date "2022.06.07"]
[WhiteClock "0:00:02"]
[BlackClock "0:00:17"]

1. c4 e6 2. Nc3 d5 3. d4 Nf6 4. Nf3 Be7 5. Bg5 h6 6. Bxf6 Bxf6 7. e3 c6 8. Rc1 Nd7 9. Bd3 a6 10. O-O O-O 11. b3 Be7 12. Qe2 Ba3 13. Rc2 Bb4 14. e4 dxc4 15. bxc4 e5 16. d5 Re8 17. Rb1 Qa5 18. Nd1 Bc5 19. Ne3 Ba7 20. Nf5 Nc5 21. Nd6 Re7 22. Nh4 Qa3 23. Rd1 Nxd3 24. Nxc8 Nxf2 25. c5 Rxc8 26. Qxf2 cxd5 27. Nf5 Rd7 28. Kh1 Rxc5 29. Rcd2 Rc2 30. Qe2 Rxd2 31. Rxd2 Qc5 32. Rd1 dxe4 33. Rf1 g6 34. Qg4 Qb5 35. Re1 Kh7 36. Ng3 e3 37. Ne4 Kg7 38. Qh4 Qc6 39. Rf1 e2 40. Re1 Rd1 0-1


[Site "https://www.chess.com"]

[Event "Titled Tuesday Blitz June 07 Late 2022"]
[White "Ferreira, Vitor Hugo Vieira"]
[Black "Barp, Alberto"]
[WhiteFideId "2119765"]
[BlackFideId "872555"]
[WhiteElo "2165"]
[BlackElo "2229"]
[Result "0-1"]
[Round "09"]
[TimeControl "180+1"]
[Date "2022.06.07"]
[WhiteClock "0:00:04"]
[BlackClock "0:00:20"]

1. d4 Nf6 2. c4 e6 3. Nf3 d5 4. Nc3 Bb4 5. Qa4+ Nc6 6. e3 O-O 7. Bd3 a6 8. O-O Bd7 9. Qc2 dxc4 10. Bxc4 Bd6 11. a3 e5 12. Rd1 Qe7 13. Nd5 Nxd5 14. Bxd5 Rae8 15. dxe5 Nxe5 16. Bxb7 Bg4 17. Be4 f5 18. Bd5+ Kh8 19. Bd2 c6 20. Nxe5 Bxd1 21. Rxd1 Qxe5 22. Qxc6 Qxh2+ 23. Kf1 Be5 24. Bc3 Rc8 25. Qxa6 Bxc3 26. bxc3 f4 27. exf4 Qxf4 28. Bf3 Rxc3 29. a4 Qh4 30. Kg1 Rc2 31. Qb6 Qxa4 32. Rd8 Qa1+ 33. Kh2 Qe5+ 34. g3 Rc8 35. Rxc8 Rxc8 36. Kg2 Rf8 37. Qa7 Qf6 38. Qe3 Qf7 39. Be4 Qe7 40. Qd3 Rd8 41. Qc2 g6 42. Qc3+ Qg7 43. Qe3 Rf8 44. f4 Qf6 45. Qf3 Kg7 46. Kf2 Rf7 47. Kg2 Re7 48. Bd5 Qd4 49. Kh3 Re3 50. Qg2 Qf6 51. Kh2 Qf5 52. Bf3 Qd3 53. Bc6 Re2 54. Ba8 Rxg2+ 55. Bxg2 Qd2 0-1


[Site "https://www.chess.com"]

[Event "Titled Tuesday Blitz June 07 Late 2022"]
[White "Gomez Ledo, Roberto Carlos"]
[Black "Cruz Mendez, Jean Marco"]
[WhiteFideId "3507076"]
[BlackFideId "3526402"]
[WhiteElo "2379"]
[BlackElo "2064"]
[Result "0-1"]
[Round "09"]
[TimeControl "180+1"]
[Date "2022.06.07"]
[WhiteClock "0:00:34"]
[BlackClock "0:00:36"]

1. d4 Nf6 2. Bf4 d5 3. e3 e6 4. Nd2 Bd6 5. Bg3 O-O 6. Bd3 c5 7. c3 Qc7 8. dxc5 Qxc5 9. Ngf3 Qc7 10. e4 dxe4 11. Nxe4 Nxe4 12. Bxe4 Bxg3 13. hxg3 h6 14. Qe2 Nd7 15. O-O Nf6 16. Ne5 Bd7 17. Nxd7 Qxd7 18. Rfd1 Qc7 19. Bf3 Rfd8 20. c4 b6 21. Bxa8 Rxa8 22. b3 Rc8 23. Qd3 Qc5 24. Qd6 Qh5 25. f3 Qg5 26. Qf4 Qc5+ 27. Qd4 Qg5 28. g4 h5 29. gxh5 Nxh5 30. Qg4 Qe5 31. Re1 Qc5+ 32. Kh2 Nf6 33. Qg3 g6 34. Rad1 Kg7 35. Qe5 Qf2 36. Kh1 Rh8+ 37. Qh2 Rxh2+ 38. Kxh2 Qxa2 39. Re3 Qc2 40. Rd8 Nh5 41. Rd4 Nf6 42. Rd8 a5 43. Rb8 Qf2 44. Rd3 e5 45. Rd6 e4 46. Rxf6 Kxf6 0-1


[Site "https://www.chess.com"]

[Event "Titled Tuesday Blitz June 07 Late 2022"]
[White "Grigoriants, Sergey"]
[Black "Shimanov, Aleksandr"]
[WhiteFideId "4130804"]
[BlackFideId "4198603"]
[WhiteElo "2502"]
[BlackElo "2605"]
[Result "1-0"]
[Round "09"]
[TimeControl "180+1"]
[Date "2022.06.07"]
[WhiteClock "0:00:07"]
[BlackClock "0:00:02"]

1. e4 d5 2. exd5 Qxd5 3. Nf3 Bg4 4. Be2 Nc6 5. Nc3 Qd7 6. h3 Bf5 7. O-O O-O-O 8. d3 e5 9. Be3 f6 10. a3 g5 11. b4 h5 12. Ne4 g4 13. Nh4 gxh3 14. g3 Nd4 15. Bxd4 exd4 16. Bf3 Bg4 17. Ng6 f5 18. Nxf8 Rxf8 19. Nc5 Qd6 20. Bxb7+ Kb8 21. Bf3 h4 22. Bxg4 hxg3 23. Qf3 c6 24. Qxg3 f4 25. Qf3 Ne7 26. Kh1 Rfg8 27. Rae1 Rg6 28. Re6 Rxe6 29. Nxe6 Ng6 30. Qe4 Ne5 31. Bf5 1-0


[Site "https://www.chess.com"]

[Event "Titled Tuesday Blitz June 07 Late 2022"]
[White "Harsh Suresh"]
[Black "Maksimovic, Bojan"]
[WhiteFideId "45018464"]
[BlackFideId "14408120"]
[WhiteElo "2059"]
[BlackElo "2453"]
[Result "1-0"]
[Round "09"]
[TimeControl "180+1"]
[Date "2022.06.07"]
[WhiteClock "0:01:40"]
[BlackClock "0:02:00"]

1. e4 c5 2. Nc3 e6 3. Nge2 d5 4. exd5 exd5 5. d4 Nf6 6. g3 Nc6 7. Bg2 cxd4 8. Nxd4 Bg4 9. Qd3 Be7 10. O-O O-O 11. Be3 a6 12. Rfe1 Ne5 13. Qd2 Nc4 14. Qc1 Nxe3 15. Qxe3 Bb4 16. h3 Bd7 17. Rad1 Rc8 18. Nde2 Re8 19. Qf4 Be6 20. Qxb4 Qc7 21. Nf4 Bf5 22. Ncxd5 Nxd5 23. Nxd5 Qxc2 24. Ne7+ Rxe7 25. Qxe7 h6 26. Rd8+ Rxd8 27. Qxd8+ Kh7 28. Qd5 Be6 1-0


[Site "https://www.chess.com"]

[Event "Titled Tuesday Blitz June 07 Late 2022"]
[White "Hjartarson, Johann"]
[Black "Pesotskiy, Mikhail"]
[WhiteFideId "2300044"]
[BlackFideId "34164453"]
[WhiteElo "2458"]
[BlackElo "2010"]
[Result "1/2-1/2"]
[Round "09"]
[TimeControl "180+1"]
[Date "2022.06.07"]
[WhiteClock "0:00:54"]
[BlackClock "0:00:12"]

1. c4 Nf6 2. Nc3 e6 3. e4 d5 4. e5 d4 5. exf6 dxc3 6. bxc3 Qxf6 7. Nf3 h6 8. d4 c5 9. Bd3 Bd6 10. O-O O-O 11. Qe2 Nc6 12. Qe4 Qf5 13. Qxf5 exf5 14. Re1 Bd7 15. Be3 b6 16. Rad1 Rad8 17. g3 Rfe8 18. h4 f4 19. Bxf4 Bxf4 20. gxf4 Bg4 21. Rxe8+ Rxe8 22. Re1 Rxe1+ 23. Nxe1 cxd4 24. Be4 Na5 25. cxd4 Nxc4 26. Nd3 Kf8 27. Ne5 Nd6 28. Bc6 Bd1 29. d5 f6 30. Ng6+ Kf7 31. Nh8+ Kg8 32. Ng6 Kf7 33. Nh8+ Kg8 34. Ng6 Kf7 1/2-1/2


[Site "https://www.chess.com"]

[Event "Titled Tuesday Blitz June 07 Late 2022"]
[White "Holt, Conrad"]
[Black "Matlakov, Maxim"]
[WhiteFideId "2034387"]
[BlackFideId "4168003"]
[WhiteElo "2586"]
[BlackElo "2669"]
[Result "0-1"]
[Round "09"]
[TimeControl "180+1"]
[Date "2022.06.07"]
[WhiteClock "0:00:06"]
[BlackClock "0:00:23"]

1. d4 d5 2. c4 c6 3. Nc3 Nf6 4. e3 Bf5 5. cxd5 cxd5 6. Qb3 Nc6 7. Qxb7 Bd7 8. Qb3 Rb8 9. Qd1 e5 10. Nf3 Bd6 11. Be2 e4 12. Nd2 h5 13. f3 Qe7 14. fxe4 Nxe4 15. Ndxe4 dxe4 16. g3 h4 17. g4 O-O 18. O-O Nb4 19. a3 Nd3 20. Bxd3 exd3 21. Qxd3 Bxg4 22. e4 Qd7 23. Kh1 f5 24. e5 Qb7+ 25. Kg1 h3 26. Rf2 Be7 27. d5 Bh4 28. Rc2 f4 29. Qd4 Qf7 30. Rf2 Qg6 31. Kf1 Bxf2 32. Kxf2 Bf5 33. Bxf4 Qg2+ 34. Ke3 Rxb2 35. d6 Qf2# 0-1


[Site "https://www.chess.com"]

[Event "Titled Tuesday Blitz June 07 Late 2022"]
[White "Ivanisevic, Ivan"]
[Black "Le Goff, Ronan"]
[WhiteFideId "912417"]
[BlackFideId "612073"]
[WhiteElo "2535"]
[BlackElo "2276"]
[Result "0-1"]
[Round "09"]
[TimeControl "180+1"]
[Date "2022.06.07"]
[WhiteClock "0:00:02"]
[BlackClock "0:00:06"]

1. e4 Nf6 2. e5 Nd5 3. d4 d6 4. f4 Bf5 5. Nf3 e6 6. Bd3 Bxd3 7. Qxd3 c5 8. O-O Nc6 9. f5 cxd4 10. fxe6 fxe6 11. Ng5 Qd7 12. Nf7 Nxe5 13. Nxe5 dxe5 14. Nd2 Nf6 15. Ne4 Nxe4 16. Qxe4 O-O-O 17. Qxe5 Qd5 18. Bf4 Qxe5 19. Bxe5 Rd7 20. Rad1 Bc5 21. Rd3 Rhd8 22. Re1 b6 23. Re4 Kb7 24. a3 a5 25. Bg3 Re8 26. Kf2 Kc6 27. Ke2 e5 28. Rf3 Kd5 29. Kd3 Rde7 30. h4 Rc8 31. h5 Bxa3 32. Rf5 Bd6 33. Rg5 Rc4 34. c3 b5 35. cxd4 Ke6 36. dxe5 Rxe4 37. Kxe4 Bc5 38. Rg4 Rd7 39. Rg5 Bd4 40. Bh4 Bxb2 41. Bf2 a4 0-1


[Site "https://www.chess.com"]

[Event "Titled Tuesday Blitz June 07 Late 2022"]
[White "Jocev, Milan"]
[Black "Vasquez Schroeder, Rodrigo"]
[WhiteFideId "900680"]
[BlackFideId "3400042"]
[WhiteElo "2322"]
[BlackElo "2567"]
[Result "0-1"]
[Round "09"]
[TimeControl "180+1"]
[Date "2022.06.07"]
[WhiteClock "0:00:05"]
[BlackClock "0:01:28"]

1. b3 c5 2. Bb2 Nc6 3. e3 Nf6 4. f4 g6 5. Nf3 Bg7 6. Bb5 O-O 7. O-O Qc7 8. Bxc6 Qxc6 9. Ne5 Qc7 10. a4 d6 11. Nf3 b6 12. Na3 Bb7 13. Qe2 a6 14. d3 Bc6 15. Nc4 b5 16. axb5 axb5 17. Ncd2 Nd5 18. Bxg7 Kxg7 19. Ne4 b4 20. Qd2 Qd7 21. c4 bxc3 22. Nxc3 Qb7 23. e4 Nc7 24. Rab1 Qb4 25. Qb2 Kg8 26. f5 Rab8 27. Qc1 Ne8 28. fxg6 hxg6 29. e5 Bxf3 30. Rxf3 Qd4+ 31. Kh1 Qxe5 32. Re3 Qg5 33. Ne4 Qh6 34. Qe1 Nf6 35. Rh3 Qg7 36. Qh4 Nxe4 37. dxe4 Rfe8 38. Qf4 Rb4 39. Rd3 c4 40. Rf3 Rxb3 41. Rfxb3 cxb3 42. h4 b2 43. Qd2 Rb8 44. Qd5 Qe5 45. Qd3 Kg7 46. g3 Rb4 47. Kg2 Rxe4 48. Kh3 Re3 0-1


[Site "https://www.chess.com"]

[Event "Titled Tuesday Blitz June 07 Late 2022"]
[White "Ladan, Nicholas"]
[Black "Barria Zuniga, Daniel"]
[WhiteFideId "30918855"]
[BlackFideId "3400816"]
[WhiteElo "2167"]
[BlackElo "2414"]
[Result "0-1"]
[Round "09"]
[TimeControl "180+1"]
[Date "2022.06.07"]
[WhiteClock "0:00:08"]
[BlackClock "0:00:12"]

1. d4 d5 2. c4 e6 3. Nf3 Nf6 4. g3 Be7 5. Bg2 O-O 6. O-O dxc4 7. Qa4 a6 8. Qxc4 b5 9. Qc2 Bb7 10. Bf4 Nd5 11. Nc3 Nxf4 12. gxf4 Nd7 13. Rfd1 Bd6 14. e3 Qe7 15. Ne4 Rac8 16. Rac1 Bxe4 17. Qxe4 c5 18. Ne5 f5 19. Qb7 Nxe5 20. dxe5 Bc7 21. Qxa6 b4 22. Qa4 Kh8 23. Rd7 Qh4 24. Qa7 Bb8 25. Qb7 g5 26. Qf3 Rg8 27. Rcd1 gxf4 28. exf4 Rg4 29. Qb7 Rcg8 30. Kh1 Rxg2 31. Qxg2 Rxg2 32. Kxg2 Qg4+ 33. Kf1 Qxf4 34. Rd8+ Kg7 35. R1d7+ Kh6 36. Rxb8 Qxe5 37. Rbb7 Qxb2 38. Rxh7+ Kg5 39. Rbg7+ Kf6 40. f4 Qc1+ 41. Ke2 Qxf4 42. Rf7+ Ke5 43. Rd7 Qc4+ 44. Kf3 Qxa2 45. Rhe7 Qc4 46. Kg3 b3 47. Rb7 Qc3+ 48. Kh4 b2 49. Rec7 Qd4+ 50. Kh5 Ke4 51. Rc6 e5 52. Re6 f4 53. Rbe7 f3 54. Rxe5+ Qxe5+ 55. Rxe5+ Kxe5 56. Kg6 f2 57. h4 f1=Q 58. h5 Qg1+ 59. Kh7 Qh1 60. h6 Qxh6+ 61. Kg8 Qa6 62. Kh8 Qa7 63. Kg8 Kf6 64. Kh8 Qg7# 0-1


[Site "https://www.chess.com"]

[Event "Titled Tuesday Blitz June 07 Late 2022"]
[White "Leiva, Gianmarco"]
[Black "Van Dael, Siem"]
[WhiteFideId "3804399"]
[BlackFideId "1049771"]
[WhiteElo "2323"]
[BlackElo "2113"]
[Result "0-1"]
[Round "09"]
[TimeControl "180+1"]
[Date "2022.06.07"]
[WhiteClock "0:00:58"]
[BlackClock "0:01:53"]

1. Nf3 d5 2. d4 Nf6 3. Bf4 e6 4. e3 c5 5. Nbd2 Bd6 6. Bb5+ Nc6 7. Bxc6+ bxc6 8. Bxd6 Qxd6 9. c3 cxd4 10. exd4 c5 11. Qa4+ Nd7 12. Qa3 Qb6 13. Nb3 cxd4 14. Nbxd4 Qc5 15. Qxc5 Nxc5 16. Ne5 f6 17. Nec6 Nd3+ 18. Kd2 Nxf2 19. Rhe1 Ne4+ 20. Kc2 Bd7 21. Na5 Kf7 22. Rad1 e5 23. Ndb3 Be6 24. Nc6 Nf2 25. Rd2 Bf5+ 26. Kc1 Nd3+ 27. Rxd3 Bxd3 28. Nb4 Be4 29. Nc5 a5 30. Nbd3 Bxd3 31. Nxd3 Rhd8 32. Kc2 a4 33. Rf1 Kg6 34. Nb4 Rac8 35. Rd1 d4 36. Rd3 dxc3 37. Rg3+ Kf7 38. bxc3 Rc7 39. Na6 Rcd7 40. Nb4 Rd2+ 41. Kc1 a3 42. h3 Rb2 43. Nc2 Rxa2 44. c4 Rc8 45. Rc3 Rc5 46. g4 g6 47. Nxa3 Rh2 48. Nc2 f5 49. gxf5 gxf5 50. Kb2 Ke6 51. Kb3 f4 52. Kb4 Rc8 53. c5 Kd5 54. Rd3+ Ke4 55. Rc3 f3 56. c6 f2 57. Ne3 Rxh3 58. Nd1 f1=Q 59. Rxh3 Qxd1 0-1


[Site "https://www.chess.com"]

[Event "Titled Tuesday Blitz June 07 Late 2022"]
[White "Livaic, Leon"]
[Black "Svane, Rasmus"]
[WhiteFideId "14531534"]
[BlackFideId "4657101"]
[WhiteElo "2540"]
[BlackElo "2674"]
[Result "1-0"]
[Round "09"]
[TimeControl "180+1"]
[Date "2022.06.07"]
[WhiteClock "0:00:05"]
[BlackClock "0:00:04"]

1. d4 Nf6 2. c4 e6 3. Nf3 d5 4. Nc3 a6 5. cxd5 exd5 6. Bg5 Be6 7. e3 Nbd7 8. Bd3 Bd6 9. Qc2 c6 10. Bf4 Qc7 11. Bxd6 Qxd6 12. h3 O-O 13. O-O g6 14. Rfc1 Qe7 15. Na4 Ne8 16. Nc5 Nxc5 17. Qxc5 Nd6 18. b4 Rfc8 19. a4 Qd8 20. a5 Bf5 21. Bxf5 Nxf5 22. Ne5 Nd6 23. Qc2 Qf6 24. Nd7 Qg5 25. Nb6 Nf5 26. Nxa8 Rxa8 27. Qe2 h5 28. g3 Re8 29. Qf3 Re4 30. Kh1 Qe7 31. Rab1 Nd6 32. Kh2 Re6 33. Re1 Ne4 34. Rb2 Rf6 35. Qg2 Ng5 36. f4 Ne4 37. g4 hxg4 38. hxg4 Re6 39. Qh3 Nf6 40. Kg2 Qf8 41. Rh1 Qg7 42. Re2 Re8 43. Kf3 Kf8 44. Qh8+ Qxh8 45. Rxh8+ Ke7 46. Rxe8+ Nxe8 47. e4 dxe4+ 48. Kxe4 Kd7 49. g5 Nd6+ 50. Ke5 Ke7 51. d5 cxd5 52. Kxd5+ Kd7 53. Kc5 Nc8 54. Rd2+ Kc7 55. Rh2 Kd7 56. Rh8 Kc7 57. Rf8 Nd6 58. Kd5 Kd7 59. Rh8 Ke7 60. Rh7 Kd7 61. f5 gxf5 62. g6 Ke7 63. g7 Ne8 64. Ke5 Nf6 65. Rh8 Ng4+ 66. Kxf5 Nh6+ 67. Rxh6 Kd7 68. g8=Q Kc7 69. Qxf7+ Kb8 70. Rh7 Ka7 71. Qxb7# 1-0


[Site "https://www.chess.com"]